Map: Lost and Found LE

Players

Gerald - Winner!

  • Race: Protoss Protoss
  • Spawn Location: 7:00

SKillous (Elroye)

  • Race: Zerg Zerg
  • Spawn Location: 1:00

Event: WCS Valencia 2018

VOD

Have the link to the VOD?

Description

Time

  • Played on: July 12, 2018, 6:30 a.m.
  • Length: 13:38

All games in this series

Show
View Real Time Build Order
Export as new Build Order

Gerald Protoss - Winner!

Build Orders: 1 Gate Expand, Oracle Opening, Phoenix Opening, Archon Immortal, Zealot Archon, Archon Drop 

Get SALT Encoding   

  12  0:00  Probe  
  13  0:13  Probe  
  14  0:19  Pylon  
  14  0:25  Probe  
  15  0:33  Probe  
  16  0:42  Assimilator  
  16  0:43  Gateway, Probe  
  17  0:54  Probe  
  18  1:06  Probe  
  19  1:19  Probe  
  20  1:26  Nexus  
  20  1:31  Probe  
  21  1:37  Cybernetics Core  
  21  1:43  Probe  
  22  1:47  Assimilator  
  22  1:52  Pylon  
  22  1:55  Probe  
  23  2:05  Adept  
  23  2:10  Probe  
  26  2:21  Stargate  
  26  2:23  Probe  
  26  2:27  Pylon  
  26  2:28  Adept  
  27  2:35  Probe  
  30  2:37  Warp Gate  
  30  2:39  Probe  
  31  2:45  Pylon  
  31  2:47  Probe  
  31  2:51  Probe  
  32  2:54  Oracle  
  32  3:00  Probe  
  32  3:03  Probe  
  37  3:12  Probe  
  38  3:17  Probe  
  38  3:18  Gateway  
  39  3:20  Pylon  
  39  3:23  Phoenix  
  39  3:24  Probe  
  40  3:29  Probe  
  43  3:36  Probe  
  43  3:39  Adept  
  43  3:41  Robotics Facility  
  44  3:42  Probe  
  44  3:48  Pylon  
  47  3:51  Probe  
  47  3:54  Probe  
  47  3:55  Assimilator  
  47  3:57  Assimilator  
  47  4:03  Probe  
  47  4:08  Probe  
  49  4:11  Twilight Council  
  49  4:15  Probe  
  50  4:20  Probe  
  50  4:22  Gateway  
  50  4:23  Gateway  
  51  4:24  Gateway  
  51  4:31  Warp Prism  
  51  4:35  Gateway  
  53  4:39  Pylon  
  53  4:41  Charge, Pylon, Probe  
  54  4:54  Probe  
  54  4:57  Probe  
  54  4:59  Pylon  
  54  5:07  Probe  
  55  5:09  Probe  
  55  5:12  Templar Archives  
  56  5:21  Probe  
  56  5:23  Adept  
  56  5:24  Adept  
  56  5:25  Probe  
  56  5:26  Pylon  
  62  5:34  Pylon  
  62  5:36  Probe  
  62  5:37  Zealot  
  62  5:38  Zealot x3  
  71  5:46  Nexus  
  71  5:51  Probe  
  71  5:53  High Templar  
  71  5:54  High Templar  
  71  5:55  Probe  
  77  6:00  High Templar x2  
  77  6:01  Zealot x2  
  77  6:02  Archon  
  85  6:05  Shield Battery  
  85  6:07  Probe  
  85  6:08  Archon  
  85  6:09  Probe  
  87  6:15  Immortal  
  91  6:22  Probe x2  
  91  6:25  Forge  
  93  6:30  Void Ray  
  91  6:37  Probe  
  90  6:42  Robotics Facility  
  94  6:50  Shield Battery  
  94  6:52  Pylon  
  94  6:54  Assimilator  
  94  6:59  High Templar x2  
  94  7:00  Zealot x4  
  106  7:03  Archon  
  106  7:04  Probe  
  106  7:07  Shield Battery  
  107  7:11  Immortal  
  107  7:12  Protoss Ground Weapons Level 1  
  107  7:21  Probe  
  112  7:23  Probe x2  
  112  7:26  Pylon  
  112  7:27  High Templar  
  112  7:29  Psionic Storm  
  116  7:30  Assimilator  
  116  7:32  Pylon  
  116  7:33  Probe  
  116  7:35  Pylon  
  117  7:44  Probe  
  118  7:56  Immortal  
  118  7:57  Zealot x5  
  122  8:06  Probe  
  122  8:07  Immortal  
  122  8:08  Gateway  
  122  8:09  Gateway, Probe  
  124  8:19  High Templar  
  130  8:20  High Templar  
  130  8:21  Zealot x2  
  130  8:22  Zealot  
  130  8:25  Zealot  
  140  8:34  Photon Cannon  
  140  8:36  Photon Cannon  
  140  8:37  Shield Battery  
  140  8:38  Shield Battery  
  140  8:43  Pylon  
  140  8:45  Pylon  
  140  8:47  Pylon  
  140  8:48  Photon Cannon  
  140  8:51  Immortal  
  140  9:01  Probe  
  145  9:03  Immortal  
  145  9:09  Protoss Ground Weapons Level 2  
  145  9:11  Nexus  
  145  9:15  Pylon  
  149  9:17  Assimilator  
  149  9:19  High Templar x3  
  155  9:28  Probe x2  
  157  9:32  Pylon  
  157  9:33  Observer  
  154  9:39  Probe  
  156  9:46  Photon Cannon  
  156  9:47  Photon Cannon, Assimilator  
  156  9:49  Photon Cannon  
  156  9:50  Shield Battery  
  156  9:52  Shield Battery  
  160  9:53  Immortal, Pylon  
  160  10:06  Photon Cannon  
  160  10:11  Zealot  
  160  10:12  Zealot x5  
  172  10:19  Probe  
  173  10:23  Zealot x2  
  173  10:32  Zealot x5  
  155  10:42  Zealot  
  155  10:44  Probe  
  155  10:46  Probe  
  155  10:47  Zealot x2  
  147  10:57  Zealot x2  
  147  10:58  Zealot x3  
  147  11:01  Archon  
  147  11:03  Zealot  
  153  11:11  Probe, Pylon  
  154  11:12  Stalker  
  156  11:20  Probe  
  156  11:22  Stalker x4  
  165  11:28  Immortal x2  
  165  11:36  Fleet Beacon  
  165  11:43  High Templar x3  
  169  11:51  High Templar x5  
  173  11:59  Warp Prism, Archon x2  
  167  12:08  Stargate  
  167  12:09  Stargate  
  167  12:17  Zealot x3  
  173  12:25  Zealot x5  
  181  12:39  Zealot x3  
  181  12:42  Zealot x2  
  169  12:53  Zealot x3  
  175  13:08  Zealot x3  
  177  13:15  Zealot x3  
  179  13:24  Archon  
  179  13:26  Zealot x2  
  177  13:32  Archon  
Show
View Real Time Build Order
Export as new Build Order

SKillous Zerg 

Build Orders: Hatch First, Roach Hydra 

Get SALT Encoding   

  12  0:00  Drone  
  13  0:12  Overlord  
  13  0:16  Drone  
  14  0:30  Drone x2  
  14  0:34  Drone  
  17  0:51  Hatchery  
  17  0:54  Drone  
  17  0:57  Drone  
  18  1:08  Extractor  
  17  1:12  Spawning Pool  
  17  1:15  Drone  
  18  1:18  Drone  
  18  1:29  Drone  
  19  1:38  Overlord  
  19  1:49  Drone  
  20  1:59  Queen  
  20  2:00  Drone  
  23  2:03  Queen  
  23  2:04  Zergling x2  
  26  2:09  Metabolic Boost  
  26  2:12  Drone  
  27  2:19  Drone  
  28  2:27  Drone  
  29  2:32  Zergling x2  
  29  2:33  Drone  
  31  2:41  Queen  
  33  2:50  Zergling x4  
  35  2:53  Overlord  
  35  2:55  Drone  
  35  2:58  Hatchery  
  35  3:00  Drone  
  36  3:13  Drone x2  
  36  3:16  Drone  
  36  3:17  Overlord  
  36  3:19  Drone x4  
  43  3:22  Spore Crawler  
  42  3:29  Drone x2  
  44  3:34  Queen  
  44  3:37  Drone  
  44  3:40  Lair  
  46  3:47  Drone x2  
  47  3:52  Drone x4  
  51  4:00  Extractor  
  51  4:01  Roach Warren  
  51  4:02  Drone x2  
  51  4:05  Drone  
  51  4:24  Spore Crawler  
  51  4:28  Extractor  
  49  4:37  Overlord x2  
  49  4:45  Overlord  
  49  4:46  Glial Reconstitution  
  49  4:55  Queen  
  49  4:59  Drone x7  
  57  5:00  Drone  
  57  5:01  Drone x2  
  57  5:06  Zergling x8  
  59  5:15  Drone x2  
  59  5:16  Drone x2  
  59  5:18  Roach x2  
  59  5:19  Roach  
  69  5:25  Overlord  
  69  5:30  Spine Crawler  
  69  5:31  Spine Crawler, Roach x2  
  69  5:35  Spine Crawler  
  70  5:40  Overlord x2  
  69  5:49  Roach x2  
  73  5:52  Overlord  
  73  5:59  Roach x6  
  73  6:00  Roach x2  
  87  6:10  Roach x3  
  93  6:11  Roach  
  93  6:12  Roach  
  97  6:19  Overlord  
  97  6:21  Overlord  
  97  6:37  Roach  
  97  6:38  Roach x4  
  105  6:43  Roach x4  
  105  6:45  Overlord  
  113  6:51  Drone  
  114  6:56  Overlord  
  112  7:07  Roach x5  
  122  7:15  Drone x5  
  119  7:20  Drone  
  119  7:21  Drone x4  
  122  7:24  Hydralisk Den  
  122  7:25  Extractor, Drone x3  
  122  7:26  Drone x3  
  126  7:35  Drone x2  
  128  7:40  Drone  
  129  7:51  Extractor, Evolution Chamber  
  128  7:53  Hatchery  
  128  7:56  Extractor  
  119  8:02  Drone x3  
  119  8:04  Drone  
  119  8:05  Drone x5  
  122  8:07  Muscular Augments  
  122  8:10  Drone  
  122  8:11  Drone x2  
  123  8:16  Drone  
  124  8:20  Zerg Missile Weapons Level 1, Hydralisk  
  124  8:21  Hydralisk x2  
  124  8:23  Overlord x2  
  130  8:36  Overlord  
  130  8:40  Overseer  
  130  8:41  Overlord  
  130  8:42  Pneumatized Carapace  
  130  8:50  Hydralisk  
  130  8:51  Hydralisk x7  
  146  8:57  Hydralisk x3  
  146  8:58  Roach  
  146  8:59  Overlord  
  146  9:00  Overlord, Hydralisk  
  146  9:02  Roach  
  158  9:07  Queen  
  160  9:12  Drone x2  
  160  9:16  Hydralisk x2  
  168  9:17  Roach  
  168  9:18  Grooved Spines  
  168  9:19  Hydralisk x6  
  180  9:27  Extractor  
  179  9:42  Hydralisk, Roach  
  183  9:47  Overlord x2  
  183  9:55  Overlord x2  
  183  10:05  Overlord x2  
  183  10:06  Hydralisk x4, Roach  
  197  10:07  Roach x3  
  199  10:16  Infestation Pit  
  184  10:36  Drone x5  
  183  10:44  Hydralisk x4  
  183  10:45  Roach x4  
  143  11:04  Hydralisk x2  
  143  11:05  Hydralisk x5, Roach x3  
  143  11:06  Roach x4  
  157  11:13  Overseer  
  157  11:15  Hive, Zerg Missile Weapons Level 2  
  157  11:16  Hydralisk x2  
  157  11:17  Hydralisk x3, Roach x3  
  157  11:18  Roach  
  171  11:30  Hydralisk x2  
  171  11:31  Roach x2  
  171  11:40  Hydralisk x4, Roach  
  171  11:41  Roach x2  
  177  11:48  Hatchery  
  177  11:52  Hydralisk x3  
  177  11:53  Roach x3  
  180  11:54  Queen  
  178  12:12  Hydralisk x3  
  178  12:13  Hydralisk x2, Roach x4  
  178  12:14  Roach  
  196  12:22  Hatchery  
  195  12:32  Spire  
  176  12:50  Hydralisk x5  
  176  12:51  Roach x4  
  164  13:02  Hydralisk x4  
  164  13:03  Hydralisk x3, Roach x5  
  164  13:04  Roach x2  
  186  13:11  Hydralisk  
  186  13:12  Roach  
Tags
 
Add a new tag
Caveats
  • Supply blocks, unpowered buildings, or Contaminate may cause inaccurate times.
  • Supply counts are checked every 10 seconds.